 Dungeon Crawl Stone Soup version 0.30.1-4-g462c640d31 (webtiles) character file.

Game seed: 10570494194912348944

17 Mickster the Chopper (level 2, 0/2 (29) HPs)
             Began as an Ogre Reaver on Aug 15, 2023.
             Slain by a jackal (1 damage)
             ... on level 2 of the Dungeon.
             The game lasted 00:09:35 (984 turns).

Mickster the Chopper (Ogre Reaver)                   Turns: 984, Time: 00:09:38

HP:   0/2 (29)      AC:  3    Str: 15    XL:     2   Next: 62%
MP:   0/5           EV:  9    Int: 14    God:
Gold: 33            SH:  0    Dex:  7    Spells: 3/6 levels left

rFire   . . .        a - +0 hand axe
rCold   . . .        (no shield)
rNeg    . . .        b - +0 robe
rPois   .            (helmet restricted)
rElec   .            (no cloak)
rCorr   .            (gloves unavailable)
SInv    .            (boots unavailable)
Will    .....        (no amulet)
Stlth   +            (no ring)
HPRegen 0.20/turn    (no ring)
MPRegen 0.09/turn

%: no passive effects
@: extremely drained
A: large, unfitting armour, tough skin 1
a: no special abilities


You were on level 2 of the Dungeon.
You visited 1 branch of the dungeon, and saw 2 of its levels.

You collected 33 gold pieces.

Inventory:

Hand Weapons
 a - a +0 hand axe (weapon)
Missiles
 e - 6 poisoned darts
Armour
 b - a +0 robe (worn)
Scrolls
 c - a scroll of fog {unknown}
 d - 3 scrolls of identify {unknown}


   Skills:
 + Level 2.9 Fighting
 * Level 3.3 Axes
 + Level 1.9 Dodging
 + Level 2.6 Spellcasting
 + Level 2.9 Conjurations


You had 3 spell levels left.
You knew the following spells:

 Your Spells              Type           Power      Damage    Failure   Level
a - Kiss of Death         Conj/Necr      20%        2d7       12%         1
b - Momentum Strike       Conj/Tloc      10%        3d8       19%         2

Your spell library contained the following spells:

 Spells                   Type           Power      Damage    Failure   Level
 Hailstorm                Conj/Ice       5%         3d4       36%         3


Dungeon Overview and Level Annotations

Branches:
Dungeon (2/15)

Altars:


Innate Abilities, Weirdness & Mutations

You are too large for most types of armour.
You have tough skin. (AC +1)


Message History

Confirm with . or Enter, or press ? or * to list all spells.
Aiming: Kiss of Death (safe; 12% risk of failure)
Press: ? - help, Shift-Dir - straight line, f/p - jackal
Aim: a jackal (100% to hit)
The negative energy hits the jackal!
The jackal is drained!
You kill the jackal!
You feel drained.
You see here a dark potion.
You hit the rat.
You kill the rat!
You barely miss the jackal. You hit the jackal.
The jackal barely misses you. x3
The jackal bites you but does no damage.
You closely miss the jackal.
The jackal is severely wounded.
You closely miss the jackal. You barely miss the jackal.
The jackal bites you. x2
The jackal bites you but does no damage. x2
The jackal bites you. x2
Sorry, you're not good enough to have a special ability.
Unknown command.
Casting: Kiss of Death (safe; 12% risk of failure)
Confirm with . or Enter, or press ? or * to list all spells.
Aiming: Kiss of Death (safe; 12% risk of failure)
Press: ? - help, Shift-Dir - straight line, f - jackal
Aim: a jackal (100% to hit)
The negative energy hits the jackal.
The jackal is drained!
You kill the jackal!
You feel drained. The jackal bites you.
Ouch! That really hurt!
* * * LOW HITPOINT WARNING * * *
The jackal closely misses you.
Casting: Kiss of Death (safe; 12% risk of failure)
Confirm with . or Enter, or press ? or * to list all spells.
Aiming: Kiss of Death (safe; 12% risk of failure)
Press: ? - help, Shift-Dir - straight line, f - jackal
Aim: a jackal (100% to hit)
The negative energy hits the jackal!
The jackal is drained!
You kill the jackal!
You feel drained. The jackal barely misses you. The jackal bites you.
Ouch! That really hurt!
You die...

##.## #...#
#...# #...# ##
#...# ...
.####...####....
)......†h.......
.......†@.......
................
.####...####..!#
#..†# ### #...#
#...# #<..#
##.## #..#


You could see a jackal.

Vanquished Creatures
  An endoplasm (D:1)
  A giant cockroach (D:1)
  4 hobgoblins
  3 jackals (D:2)
  A quokka (D:1)
  A ball python (D:1)
  4 bats
  2 rats
17 creatures vanquished.

Notes
Turn   | Place    | Note
-------+----------+-------------------------------------------
     0 | D:1      | Mickster the Ogre Reaver began the quest for the Orb.
     0 | D:1      | Reached XP level 1. HP: 22/22 MP: 3/3
   516 | D:1      | Reached XP level 2. HP: 22/24 MP: 3/5
   672 | D:1      | Learned a level 2 spell: Momentum Strike
   984 | D:2      | Slain by a jackal

Illustrated notes

Levels and vault maps discovered:
D:1:      amcnicky_arrival_wind_blow, layout_basic, minmay_pentomino_t4
D:2:      layout_loops_cross, shapermc_ecumenical_altar_mp_urbaneastern,
          amcnicky_mini_rare_corridor_liquid

Action                     || total
---------------------------++-------
  Melee: Hand axe          ||    26
   Cast: Kiss of Death     ||     7
         Momentum Strike   ||     2
 Armour: Robe              ||    29
  Dodge: Dodged            ||    20
